 Dungeon Crawl Stone Soup version 0.27.1-1-g398f81649c (webtiles) character file.

Game seed: 6718976062801937523

1870 Kala the Ruffian (level 8, -1/78 HPs)
             Began as a Troll Transmuter on Sept 9, 2021.
             Succumbed to a gnoll sergeant's poison
             ... on level 7 of the Dungeon.
             The game lasted 00:14:11 (4879 turns).

Kala the Ruffian (Troll Transmuter)                 Turns: 4879, Time: 00:14:12

Health: -1/78      AC:  4    Str: 21    XL:     8   Next: 90%
Magic:  10/11      EV:  9    Int:  9    God:
Gold:   1380       SH:  0    Dex: 10    Spells: 6/13 levels left

rFire    + . .     SeeInvis .     - Unarmed
rCold    . . .     Faith    .   (no shield)
rNeg     + . .     Spirit   .   a - +0 robe
rPois    .         Reflect  .   (helmet currently unavailable)
rElec    .         Harm     .   (no cloak)
rCorr    +         Rampage  .   (gloves unavailable)
Will     +....                  (boots unavailable)
Stlth    +.........             (no amulet)
HPRegen  1.23/turn              i - ring of Pemumun {rF+ rN+ rCorr}
MPRegen  0.12/turn              o - ring of willpower

@: lethally poisoned (-1 -> -44), appendages
A: horns 2, talons 2, large, unfitting armour, claws 3, regeneration 1, shaggy
fur 1, tough skin 1
a: End Transformation


You were on level 7 of the Dungeon.
You had temporarily grown beastly horns and talons.
You visited 1 branch of the dungeon, and saw 7 of its levels.

You collected 1380 gold pieces.

Inventory:

Armour
 a - a +0 robe (worn)
Jewellery
 g - a ring of magical power
 h - a ring of positive energy
 i - the ring of Pemumun (left claw) {rF+ rN+ rCorr}
   (You acquired it on level 5 of the Dungeon)

   [ring of protection from fire]

   rF:        It protects you from fire.
   rN:        It protects you from negative energy.
   rCorr:     It protects you from acid and corrosion.
 o - a ring of willpower (right claw)
Scrolls
 k - 2 scrolls of noise
 l - a scroll of holy word
 n - 4 scrolls of teleportation
 r - 4 scrolls of magic mapping
 s - a scroll of immolation
 t - a scroll of blinking {unknown}
Potions
 b - a potion of haste {unknown}
 c - a potion of cancellation {unknown}
 d - a potion of magic {unknown}
 e - 2 potions of curing
 f - 2 potions of berserk rage
 j - a potion of might {unknown}
 m - 3 potions of heal wounds
 p - 2 potions of brilliance
 q - a potion of lignification {unknown}


   Skills:
 + Level 3.7 Fighting
 - Level 1.5 Dodging
 * Level 7.3 Unarmed Combat
 + Level 3.1 Spellcasting
 * Level 5.3 Transmutations


You had 6 spell levels left.
You knew the following spells:

 Your Spells              Type           Power      Damage    Failure   Level
a - Beastly Appendage     Tmut           22%        N/A       3%          1
b - Wereblood             Tmut           11%        N/A       4%          2
c - Ice Form              Ice/Tmut       6%         N/A       69%         4

Your spell library contained the following spells:

 Spells                   Type           Power      Damage    Failure   Level
 Spider Form              Tmut/Pois      3%         N/A       30%         3
 Static Discharge         Conj/Air       1%         N/A       41%         2
 Lightning Bolt           Conj/Air       0%         1d11      100%        5
 Maxwell's Capacitive Co  Air            0%         ∞         100%        8


Dungeon Overview and Level Annotations

Branches:
Dungeon (7/15)
 Temple: D:4-7

Altars:


Innate Abilities, Weirdness & Mutations

You have temporarily grown beastly horns and talons.
You are too large for most types of armour.
You have claws for hands.
Your natural rate of healing is unusually fast.
You are covered in fur. (AC +1)
You have tough skin. (AC +1)


Message History

A gnoll sergeant comes into view. It is wielding a +3 spear of venom.
The gnoll sergeant shouts!
You hear a shout! x4
You grow a pair of large bovine horns.
Your feet morph into talons.
A gnoll comes into view. It is wielding a +0 spear.
A gnoll comes into view. It is wielding a +0 whip.
A gnoll comes into view. It is wielding a +0 club.
The gnoll shouts! x2
The gnoll sergeant hits you from afar with a +3 spear of venom!
You are poisoned.
The gnoll moves out of view.
You feel very sick.
The gnoll sergeant hits you with a +3 spear of venom!
You are more poisoned.
You barely miss the gnoll sergeant. Your kick misses the gnoll sergeant.
Your headbutt misses the gnoll sergeant.
You feel very sick.
The gnoll sergeant hits you with a +3 spear of venom!
You are more poisoned.
You claw the gnoll sergeant!
You claw the gnoll sergeant, but do no damage.
Your headbutt misses the gnoll sergeant.
The gnoll sergeant is heavily wounded.
You feel extremely sick. The gnoll barely misses you.
A gnoll comes into view. It is wielding a +0 spear.
The gnoll sergeant hits you with a +3 spear of venom!
You are lethally poisoned!
You scratch the gnoll sergeant.
The gnoll sergeant is severely wounded.
* * * LOW HITPOINT WARNING * * *
You feel extremely sick.
The gnoll hits you from afar with a +0 spear.
* * * LOW HITPOINT WARNING * * *
The gnoll sergeant hits you with a +3 spear of venom.
* * * LOW HITPOINT WARNING * * *
You are more poisoned.
You scratch the gnoll sergeant. Your kick misses the gnoll sergeant.
Your headbutt misses the gnoll sergeant.
The gnoll sergeant is severely wounded.
You die...

#.#############
#.ggggg@......#
#..##########.#
#.# #.#
#######.#####
............#
###.#.#.###.#
#.....)....##
#.#.#.#.##.#


You could see a gnoll sergeant and 4 gnolls.

Vanquished Creatures
  A deep elf pyromancer (D:7)
  Eustachio (D:5)
  A water moccasin (D:5)
  A sky beast (D:6)
  An ice beast (D:5)
  2 black bears (D:6)
  A necrophage (D:5)
  A centaur (D:6)
  A phantom (D:6)
  A bullfrog (D:6)
  A howler monkey (D:6)
  A centaur zombie (D:4)
  A bullfrog zombie (D:6)
  A hound (D:5)
  2 jellies
  3 orc wizards
  An iguana (D:3)
  A scorpion zombie (D:5)
  A howler monkey zombie (D:5)
  Robin (D:4)
  6 adders
  3 gnolls (D:6)
  A white imp (D:6)
  An ufetubus (D:5)
  2 worms (D:2)
  4 dart slugs
  16 orcs
  7 ball pythons
  4 bats
  3 endoplasms
  13 giant cockroaches
  6 hobgoblins
  9 jackals
  4 kobolds
  5 quokkas
  3 frilled lizards
  6 goblins
  3 rats
120 creatures vanquished.

Notes
Turn   | Place    | Note
-------+----------+-------------------------------------------
     0 | D:1      | Kala the Troll Transmuter began the quest for the Orb.
     0 | D:1      | Reached XP level 1. HP: 18/18 MP: 1/1
   178 | D:1      | Reached skill level 1 in Fighting
   249 | D:1      | Reached XP level 2. HP: 27/27 MP: 0/3
   567 | D:1      | Found a faded altar of an unknown god.
   860 | D:2      | Reached XP level 3. HP: 33/33 MP: 4/4
  1490 | D:3      | Reached XP level 4. HP: 38/41 MP: 5/5
  1710 | D:3      | Learned a level 2 spell: Wereblood
  1807 | D:3      | Reached skill level 4 in Unarmed Combat
  1957 | D:3      | Reached XP level 5. HP: 31/48 MP: 6/6
  2765 | D:4      | Noticed Robin
  2770 | D:4      | Killed Robin
  2771 | D:4      | Reached XP level 6. HP: 57/57 MP: 7/7
  3012 | D:4      | Identified the +4 ring mail of Undesirable Species {Contam
                  | +Blink Fly rN++}
  3051 | D:5      | Entered Level 5 of the Dungeon
  3082 | D:5      | Noticed Eustachio
  3151 | D:5      | Killed Eustachio
  3152 | D:5      | Reached skill level 5 in Unarmed Combat
  3170 | D:5      | Noticed a water moccasin
  3187 | D:5      | Killed a water moccasin
  3188 | D:5      | Reached XP level 7. HP: 3/66 MP: 9/9
  3669 | D:5      | Identified 2 scrolls of acquirement
  3671 | D:5      | Acquired 1104 gold pieces
  3674 | D:5      | Acquired the ring of Pemumun {rF+ rN+ rCorr}
  4118 | D:5      | Learned a level 4 spell: Ice Form
  4198 | D:6      | Reached skill level 6 in Unarmed Combat
  4251 | D:6      | Reached XP level 8. HP: 56/75 MP: 8/10
  4836 | D:7      | Noticed a deep elf pyromancer
  4850 | D:7      | Killed a deep elf pyromancer
  4851 | D:7      | Reached skill level 7 in Unarmed Combat
  4851 | D:7      | Reached skill level 5 in Transmutations
  4879 | D:7      | Succumbed to a gnoll sergeant's poison

Illustrated notes

Levels and vault maps discovered:
D:1:      onia_arrival_handbag, layout_rooms,
          dreamdust_ecumenical_altar_angels_and_demons,
          minmay_misc_feat_ornament, hangedman_decor_push, st_stairs_14
D:2:      minmay_roachtagon, layout_basic, minmay_pentomino_s4
D:3:      layout_basic
D:4:      layout_loops_corners, uniq_robin
D:5:      layout_loops_corners, feat_on_display, uniq_eustachio
D:6:      layout_cave_pools, minmay_misc_feat_x, patterned_corridor
D:7:      layout_loops_ring, kennysheep_little_box, minmay_temple_entry_trees,
          serial_shops, shop, guppyfry_shop_venom

Skill      XL: |  1  2  3  4  5  6  7  8 |
---------------+-------------------------+-----
Fighting       | 1 2 3 |  3.7
Transmutations | 2 3 4 5 |  5.3
Unarmed Combat | 4 5 6 7 |  7.3
Spellcasting   | 2 3 |  3.1
Dodging        | |  1.5

Action                   |  1- 3 |  4- 6 |  7- 9 || total
-------------------------+-------+-------+-------++-------
Melee: Unarmed           |    83 |   180 |   103 ||   366
       Headbutt          |     7 |    18 |     9 ||    34
       Kick              |     8 |    25 |    24 ||    57
       Punch             |       |     1 |       ||     1
 Cast: Beastly Appendage |    22 |    29 |    19 ||    70
  Use: Scroll            |       |       |    11 ||    11
 Stab: Sleeping          |     3 |       |       ||     3
Armor: Robe              |    26 |    60 |    18 ||   104
Dodge: Dodged            |    47 |    86 |    40 ||   173
